 Dungeon Crawl Stone Soup version 0.23-a0-760-g92239d2 (webtiles) character file.

97 FruityBerryJuice the Slasher (level 5, 0/46 HPs)
             Began as a Chaoskin Noble on Dec 12, 2019.
             Succumbed to an adder's poison
             ... on level 3 of the Dungeon.
             The game lasted 00:05:12 (631 turns).

FruityBerryJuice the Slasher (Chaoskin Noble)        Turns: 631, Time: 00:05:12

Health: 0/46       AC:  8    Str: 10    XL:     5   Next: 0%
Magic:  5/5        EV: 10    Int:  9    God:
Gold:   355        SH:  0    Dex: 10    Spells: 4/4 levels left

rFire    . . .     SeeInvis .   d - +2 spear (flame)
rCold    . . .     Gourm    .   (no shield)
rNeg     . . .     Faith    .   b - +3 ring mail
rPois    .         Spirit   .   (no helmet)
rElec    .         Reflect  .   (no cloak)
rCorr    .         Harm     .   (no gloves)
MR       .....                  (no boots)
Stlth    +.........             h - amulet of magic regeneration
HPRegen  0.15/turn              (no ring)
MPRegen  0.34/turn              (no ring)

@: lethally poisoned (0 -> -1)
A: evolution 1
a: no special abilities


You were on level 3 of the Dungeon.
You were not hungry.

You visited 1 branch of the dungeon, and saw 3 of its levels.

You collected 55 gold pieces.

Inventory:

Hand Weapons
 a - a +3 long sword
 d - a +2 spear of flaming (weapon)
Missiles
 g - 2 javelins (quivered)
Armour
 b - a +3 ring mail (worn)
Jewellery
 h - an amulet of magic regeneration (around neck)
Scrolls
 e - a scroll of teleportation {unknown}
Comestibles
 c - 2 rations


   Skills:
 + Level 3.6 Fighting
 + Level 3.7 Long Blades
 + Level 0.7 Polearms
 + Level 1.4 Armour
 + Level 1.4 Dodging
 + Level 1.1 Stealth


You had 4 spell levels left.
You didn't know any spells.
Your spell library was empty.

Dungeon Overview and Level Annotations

Branches:
Dungeon (3/15)

Altars:


Innate Abilities, Weirdness & Mutations

You are occasionally noticed by Xom.
You evolve.


Message History

There is a lethal amount of poison in your body!
There is a lethal amount of poison in your body!
* * * LOW HITPOINT WARNING * * *
You feel sick.
There is a lethal amount of poison in your body!
There is a lethal amount of poison in your body!
There is a lethal amount of poison in your body!
There is a lethal amount of poison in your body!
There is a lethal amount of poison in your body!
There is a lethal amount of poison in your body!
There is a lethal amount of poison in your body!
Found a scroll labeled MAIZ SEKKYR.
* * * LOW HITPOINT WARNING * * *
You feel sick.
* * * LOW HITPOINT WARNING * * *
You feel sick.
Found a scroll labeled MAIZ SEKKYR and a ration.
You see here a scroll labeled MAIZ SEKKYR.
e - a scroll labeled MAIZ SEKKYR You die...

####### #.....#
#.....# #.....#
#.....# #######
#<....#####.......
+................#
#.........@.....?#
#................#
#####....(.#.....#
#......#.....#
########.%...#
...## ...# ...


There were no monsters in sight!

Vanquished Creatures
  6 gnolls (D:2)
  3 adders
  2 goblins (D:2)
  A hobgoblin (D:2)
  2 frilled lizards (D:2)
  2 kobolds (D:2)
  3 rats (D:2)
19 creatures vanquished.

Notes
Turn   | Place    | Note
-------+----------+-------------------------------------------
     0 | D:1      | FruityBerryJuice the Chaoskin Noble began the quest for the
                  | Orb.
     0 | D:1      | Reached XP level 1. HP: 17/17 MP: 1/1
    66 | D:2      | XOM: mild Fire miscast
    74 | D:2      | Reached XP level 2. HP: 18/25 MP: 2/2
   103 | D:2      | Gained mutation: You evolve. [Chaoskin growth]
   103 | D:2      | Reached XP level 3. HP: 7/30 MP: 3/3
   471 | D:2      | XOM: cloud trail
   512 | D:2      | Reached XP level 4. HP: 25/38 MP: 4/4
   547 | D:2      | XOM: cast spell 'Alistair's Intoxication'
   604 | D:2      | XOM: summons friendly crimson imp
   613 | D:3      | HP: 2/40 [poisoned by an adder]
   617 | D:3      | Reached XP level 5. HP: 2/46 MP: 5/5
   619 | D:3      | HP: 2/46 [poisoned by an adder]
   627 | D:3      | HP: 1/46 [poisoned by an adder]
   631 | D:3      | Succumbed to an adder's poison

Vault maps used:
D:1:      minmay_arrival_jagged
D:2:      minmay_misc_feat_plants
D:3:      old_standard_altar, nicolae_overflow_hidden_temple, first_ration

Skill      XL: |  1  2  3 |
---------------+----------+-----
Fighting       | 3 |  3.6
Long Blades    | 3 |  3.7
Polearms       | |  0.7
Armour         | |  1.4
Dodging        | |  1.4
Stealth        | |  1.1

Action                   |  1- 3 |  4- 6 || total
-------------------------+-------+-------++-------
Melee: Long sword        |    18 |       ||    18
       Spear             |    30 |    25 ||    55
  Use: Scroll            |       |     2 ||     2
       Potion            |       |     1 ||     1
Armor: Ring mail         |    28 |    11 ||    39
Dodge: Dodged            |    30 |    20 ||    50
       Rpst.: Long sword |     4 |       ||     4

Table legend:
 A = Non-vault XP
 B = Vault XP
 C = Vault XP percentage of total XP
 D = Non-vault monster count
 E = Vault monster count
 F = Vault count percentage of total count
                 A         B        C        D         E       F
            +---------+---------+-------+---------+---------+-------
      Total |     139 |       0 |   0.0 |      19 |       0 |   0.0
            +---------+---------+-------+---------+---------+-------
        D:2 |     126 |       0 |   0.0 |      18 |       0 |   0.0
        D:3 |      13 |       0 |   0.0 |       1 |       0 |   0.0
            +---------+---------+-------+---------+---------+-------
